Flyers vs Flames
Created - February 4, 2025 at 19:05
Goals
|
| Flyers |
0 |
1 |
0 |
1 |
| Flames |
0 |
1 |
2 |
3 |
|
Shots
|
| Flyers |
7 |
23 |
11 |
41 |
| Flames |
12 |
6 |
5 |
23 |
|
1st period
No Goal
Penalties :
Brad Marchand (Cal) for High sticking (Minor) at 4:09, Jacob Trouba (Phi) for Charging (Minor) at 7:51, Hampus Lindholm (Phi) for Holding (Minor) at 15:53
2nd period
1. Flames , Kevin Labanc 8 (Sami Vatanen 26, Jimmy Hayes 30) at 13:27
2. Flyers , Max Pacioretty 11 (Hampus Lindholm 24, Kasperi Kapanen 19) at 14:18
Penalties :
Travis Konecny (Phi) for Tripping (Minor) at 4:13, Brad Marchand (Cal) for Tripping (Minor) at 19:28
3rd period
3. Flames , Erik Johnson 5 (Jimmy Hayes 31, Eric Staal 28) at 3:04 (PP)
4. Flames , Tanner Pearson 13 (Jimmy Hayes 32, Anders Lee 3) at 13:58
Penalties :
Michael Bournival (Phi) for Interference (Minor) at 2:58, Jordan Nolan (Phi) for Interference (Minor) at 4:32, Colby Robak (Cal) for Hooking (Minor) at 9:43, Brad Marchand (Cal) for Tripping (Minor) at 14:22, Jimmy Hayes (Cal) for Tripping (Minor) at 19:25
Goalie Stats
Steve Mason (Phi), 20 saves from 23 shots - (0.870), L, 15-9-2, 60:00 minutes
Christopher Gibson (Cal), 40 saves from 41 shots - (0.976), W, 22-10-2, 60:00 minutes
Players Stats for Flyers
Player Name G A P +/- PIM S H SB GA TA FO MP PP MP PK MP
------------------------------------------------------------------------------------
Alexandre Grenier 0 0 0 -1 0 0 0 0 0 0 0/0 6:35 0:00 0:00
Brian Lashoff 0 0 0 0 0 3 1 1 1 1 0/0 29:18 5:49 5:09
Cal Foote 0 0 0 0 0 0 1 0 0 0 0/0 9:01 0:00 0:00
Calle Jarnkrok 0 0 0 0 0 0 1 0 0 0 7/9 11:43 0:00 2:48
Hampus Lindholm 0 1 1 0 2 3 0 1 1 0 0/0 29:03 5:49 3:50
Jacob Trouba 0 0 0 -1 2 1 1 1 0 0 0/0 20:56 2:41 2:19
Jake Dotchin 0 0 0 0 0 0 1 2 0 0 0/0 10:30 0:00 1:05
Jordan Nolan 0 0 0 0 2 3 1 0 1 1 17/29 19:02 3:57 0:00
Kasperi Kapanen 0 1 1 0 0 1 1 1 0 0 3/5 16:20 4:33 0:00
Kevin Hayes 0 0 0 0 0 3 3 1 0 0 11/19 21:53 4:33 4:38
Max Pacioretty 1 0 1 0 0 8 0 0 2 0 0/0 17:35 4:33 3:13
Michael Bournival 0 0 0 -1 2 1 0 0 0 0 0/0 6:45 0:00 0:11
Nathan Beaulieu 0 0 0 -1 0 3 0 1 1 0 0/0 21:34 2:41 3:41
Nick Ritchie 0 0 0 0 0 6 2 0 0 1 0/3 19:49 3:57 0:36
Niclas Bergfors 0 0 0 0 0 1 0 0 0 0 0/0 8:55 0:00 0:00
Patrice Bergeron 0 0 0 -1 0 1 1 0 0 0 2/3 6:35 0:00 0:00
Samuel Morin 0 0 0 0 0 1 0 0 0 0 0/0 16:41 0:00 4:38
Travis Konecny 0 0 0 0 2 6 2 0 0 0 1/2 19:38 3:57 0:00
Players Stats for Flames
Player Name G A P +/- PIM S H SB GA TA FO MP PP MP PK MP
------------------------------------------------------------------------------------
Anders Lee 0 1 1 0 0 0 1 0 0 0 2/4 10:23 0:00 1:33
Brad Marchand 0 0 0 0 6 2 0 1 1 0 0/1 17:33 0:02 1:40
Bryan Rust 0 0 0 0 0 3 0 2 0 0 1/1 19:17 0:02 4:10
Christian Folin 0 0 0 0 0 1 1 1 0 1 0/0 23:03 3:02 4:56
Colby Robak 0 0 0 0 2 1 1 0 0 0 0/0 14:10 0:00 2:57
David Ullstrom 0 0 0 0 0 0 0 0 0 0 0/1 9:14 0:02 2:34
Eric Staal 0 1 1 0 0 2 1 1 2 0 16/33 17:47 4:03 1:20
Erik Johnson 1 0 1 1 0 1 2 2 0 2 0/0 28:34 5:00 4:56
Esa Lindell 0 0 0 0 0 0 0 0 0 0 0/0 16:39 3:02 0:00
Evgeny Svechnikov 0 0 0 0 0 1 1 0 0 0 0/0 9:54 3:57 0:00
Jake DeBrusk 0 0 0 0 0 1 6 0 0 0 0/0 14:08 4:03 0:06
Jimmy Hayes 0 3 3 1 2 2 3 1 0 1 1/2 16:06 4:03 0:00
Kevin Labanc 1 0 1 0 0 4 0 0 0 1 0/0 9:09 0:00 0:00
Kyle Palmieri 0 0 0 0 0 0 0 0 0 0 2/8 9:09 0:00 0:00
Patrik Berglund 0 0 0 1 0 2 0 0 0 0 7/20 22:06 3:57 5:37
Rasmus Andersson 0 0 0 0 0 0 0 0 0 1 0/0 14:47 0:00 3:34
Sami Vatanen 0 1 1 1 0 0 0 0 0 0 0/0 22:47 5:00 0:37
Tanner Pearson 1 0 1 1 0 3 3 0 0 0 0/0 16:39 3:57 0:00
3 Stars
1 - Christopher Gibson (Cal)
2 - Jimmy Hayes (Cal)
3 - Tanner Pearson (Cal)
Power Play
Flyers - 0 on 5 Attempt(s) - 0.00%
Flames - 1 on 5 Attempt(s) - 20.00%
Penalty Kill
Flyers - 4 on 5 Attempt(s) - 80.00%
- Score 0 goal in Penalty Kill
Flames - 5 on 5 Attempt(s) - 100.00%
- Score 0 goal in Penalty Kill
Team Stat
Flyers - Hits : 15 - Faceoff Wins : 41 - Blocked Shots : 8 - Penalty Minutes : 10
Flames - Hits : 19 - Faceoff Wins : 29 - Blocked Shots : 8 - Penalty Minutes : 10
Official
Referees : Frederick L'Ecuyer and Dan O'Rourke
Linesman : Trent Knorr and Brad Kovachik
Game Notes
No Game Note
Finance
Level 1 -- Attendance: 6000 (100.00%) -- Ticket Income $600,000
Level 2 -- Attendance: 4911 (98.22%) -- Ticket Income $343,770
Level 3 -- Attendance: 2000 (100.00%) -- Ticket Income $80,000
Level 4 -- Attendance: 3726 (93.15%) -- Ticket Income $111,780
Luxury Box -- Attendance: 1000 (100.00%) -- Ticket Income $200,000
Game was played at the Scotiabank Saddledome.
Total Attendance: 17637 (97.98%)
Total Ticket Income: $1,335,550
Other Income: $200,332
Total Income: $1,535,882
Flyers
5 vs 5 Forward
Center Left Wing Right Wing Time % Phy DF OF
1 Jordan Nolan Nick Ritchie Travis Konecny 40 0 2 3
2 Kevin Hayes Samuel Morin Kasperi Kapanen 30 0 2 3
3 Calle Jarnkrok Max Pacioretty Niclas Bergfors 22 1 3 1
4 Patrice Bergeron Michael Bournival Alexandre Grenier 8 1 3 1
5 vs 5 Defense
Defense Defense Time % Phy DF OF
1 Hampus Lindholm Brian Lashoff 40 0 3 2
2 Nathan Beaulieu Jacob Trouba 33 0 3 2
3 Jake Dotchin Cal Foote 20 1 3 1
4 Hampus Lindholm Jacob Trouba 7 0 3 2
PowerPlay Forward
Center Left Wing Right Wing Time % Phy DF OF
1 Jordan Nolan Nick Ritchie Travis Konecny 55 0 1 4
2 Kevin Hayes Max Pacioretty Kasperi Kapanen 45 0 1 4
PowerPlay Defense
Defense Defense Time % Phy DF OF
1 Hampus Lindholm Brian Lashoff 55 0 1 4
2 Nathan Beaulieu Jacob Trouba 45 0 1 4
Penalty Kill 4 Players Forward
Center Wing Time % Phy DF OF
1 Kevin Hayes Samuel Morin 60 1 4 0
2 Calle Jarnkrok Max Pacioretty 40 1 4 0
Penalty Kill 4 Players Defense
Defense Defense Time % Phy DF OF
1 Hampus Lindholm Brian Lashoff 55 1 4 0
2 Nathan Beaulieu Jacob Trouba 45 1 4 0
Penalty Kill - 3 Players Forward
Forward Time % Phy DF OF
1 Kevin Hayes 55 1 4 0
2 Jordan Nolan 45 1 4 0
Penalty Kill - 3 Players Defense
Defense Defense Time % Phy DF OF
1 Hampus Lindholm Brian Lashoff 55 1 4 0
2 Nathan Beaulieu Jacob Trouba 45 1 4 0
4 vs 4 Forward
Center Wing Time % Phy DF OF
1 Jordan Nolan Nick Ritchie 55 0 2 3
2 Kevin Hayes Kasperi Kapanen 45 0 2 3
4 vs 4 Defense
Defense Defense Time % Phy DF OF
1 Hampus Lindholm Brian Lashoff 55 0 3 2
2 Nathan Beaulieu Jacob Trouba 45 0 3 2
Last Minutes Offensive
Center Left Wing Right Wing Defense Defense
Jordan Nolan Nick Ritchie Kasperi Kapanen Hampus Lindholm Jacob Trouba
Last Minutes Defensive
Center Left Wing Right Wing Defense Defense
Kevin Hayes Samuel Morin Kasperi Kapanen Hampus Lindholm Jacob Trouba
Goaltenders
Starting : Steve Mason
Backup : Ilya Sorokin
Extra Forwards
Normal : Nick Ritchie, Travis Konecny, Kevin Hayes - PP : Nick Ritchie, Kevin Hayes - PK : Nick Ritchie
Extra Defensemen
Normal : Hampus Lindholm, Nathan Beaulieu, Cal Foote - PP : Hampus Lindholm - PK : Hampus Lindholm, Nathan Beaulieu
Penalty Shots
Niclas Bergfors, Jordan Nolan, Kasperi Kapanen, Travis Konecny, Nick Ritchie
Custom OT Lines Forwards
Jordan Nolan, Nick Ritchie, Kasperi Kapanen, Niclas Bergfors, Travis Konecny, Max Pacioretty, Samuel Morin, Kevin Hayes, Calle Jarnkrok, Michael Bournival
Custom OT Lines Defensemen
Hampus Lindholm, Jacob Trouba, Nathan Beaulieu, Brian Lashoff, Jake Dotchin
Scratches
None
Flames
5 vs 5 Forward
Center Left Wing Right Wing Time % Phy DF OF
1 Eric Staal Brad Marchand Bryan Rust 40 1 2 2
2 Patrik Berglund Tanner Pearson Jimmy Hayes 30 1 2 2
3 Kyle Palmieri Jake DeBrusk Kevin Labanc 20 1 2 2
4 Anders Lee David Ullstrom Evgeny Svechnikov 10 1 2 2
5 vs 5 Defense
Defense Defense Time % Phy DF OF
1 Erik Johnson Sami Vatanen 40 1 2 2
2 Esa Lindell Christian Folin 30 1 2 2
3 Colby Robak Rasmus Andersson 20 1 2 2
4 Erik Johnson Sami Vatanen 10 1 2 2
PowerPlay Forward
Center Left Wing Right Wing Time % Phy DF OF
1 Eric Staal Jake DeBrusk Jimmy Hayes 60 1 1 3
2 Patrik Berglund Tanner Pearson Evgeny Svechnikov 40 1 1 3
PowerPlay Defense
Defense Defense Time % Phy DF OF
1 Erik Johnson Sami Vatanen 60 1 1 3
2 Esa Lindell Christian Folin 40 1 1 3
Penalty Kill 4 Players Forward
Center Wing Time % Phy DF OF
1 Patrik Berglund Brad Marchand 60 1 3 1
2 Eric Staal Bryan Rust 40 1 3 1
Penalty Kill 4 Players Defense
Defense Defense Time % Phy DF OF
1 Erik Johnson Christian Folin 60 1 3 1
2 Colby Robak Rasmus Andersson 40 1 3 1
Penalty Kill - 3 Players Forward
Forward Time % Phy DF OF
1 Eric Staal 60 1 3 1
2 Patrik Berglund 40 1 3 1
Penalty Kill - 3 Players Defense
Defense Defense Time % Phy DF OF
1 Erik Johnson Christian Folin 60 1 3 1
2 Colby Robak Rasmus Andersson 40 1 3 1
4 vs 4 Forward
Center Wing Time % Phy DF OF
1 Eric Staal Brad Marchand 60 1 2 2
2 Patrik Berglund Bryan Rust 40 1 2 2
4 vs 4 Defense
Defense Defense Time % Phy DF OF
1 Erik Johnson Sami Vatanen 60 1 2 2
2 Esa Lindell Christian Folin 40 1 2 2
Last Minutes Offensive
Center Left Wing Right Wing Defense Defense
Eric Staal Brad Marchand Bryan Rust Erik Johnson Sami Vatanen
Last Minutes Defensive
Center Left Wing Right Wing Defense Defense
Eric Staal Brad Marchand Bryan Rust Erik Johnson Sami Vatanen
Goaltenders
Starting : Christopher Gibson
Backup : Michael Hutchinson
Extra Forwards
Normal : Bryan Rust, Jake DeBrusk, Patrik Berglund - PP : Tanner Pearson, Brad Marchand - PK : Bryan Rust
Extra Defensemen
Normal : Esa Lindell, Christian Folin, Colby Robak - PP : Esa Lindell - PK : Sami Vatanen, Colby Robak
Penalty Shots
Eric Staal, Jake DeBrusk, Jimmy Hayes, Tanner Pearson, Kevin Labanc
Custom OT Lines Forwards
Eric Staal, Jake DeBrusk, Patrik Berglund, Bryan Rust, Jimmy Hayes, Brad Marchand, Tanner Pearson, Evgeny Svechnikov, Kevin Labanc, Kyle Palmieri
Custom OT Lines Defensemen
Erik Johnson, Sami Vatanen, Christian Folin, Esa Lindell, Colby Robak
Scratches
Matthew Nieto (Healthy), Victor Rask (Healthy)
% Time on Ice - Flyers
Lines # - Real PCT - Wanted PCT - Time Play
Normal Forward
1 - 37% - 40% - 16:11
2 - 27% - 30% - 11:47
3 - 21% - 22% - 8:55
4 - 15% - 8% - 6:35
Normal Defense
1 - 42% - 40% - 18:20
2 - 36% - 33% - 15:26
3 - 21% - 20% - 9:01
4 - 2% - 7% - 0:41
PP Forward
1 - 46% - 55% - 3:57
2 - 54% - 45% - 4:33
PP Defense
1 - 68% - 55% - 5:49
2 - 32% - 45% - 2:41
PK Forward
1 - 65% - 60% - 5:14
2 - 35% - 40% - 2:48
PK Defense
1 - 56% - 55% - 4:30
2 - 44% - 45% - 3:32
PK3 Forward
1 - 0% - 55%
2 - 0% - 45%
PK3 Defense
1 - 0% - 55%
2 - 0% - 45%
44 Forward
1 - 0% - 55%
2 - 0% - 45%
44 Defense
1 - 0% - 55%
2 - 0% - 45%
Last Minute Offensive - 0:00
Last Minute Defensive - 0:00
Total
Forward - 60:00
Defense - 60:00
|
% Time on Ice - Flames
Lines # - Real PCT - Wanted PCT - Time Play
Normal Forward
1 - 37% - 40% - 16:08
2 - 29% - 30% - 12:42
3 - 21% - 20% - 9:09
4 - 13% - 10% - 5:29
Normal Defense
1 - 41% - 40% - 17:37
2 - 33% - 30% - 14:21
3 - 23% - 20% - 10:06
4 - 3% - 10% - 1:24
PP Forward
1 - 51% - 60% - 4:05
2 - 49% - 40% - 3:57
PP Defense
1 - 62% - 60% - 5:00
2 - 38% - 40% - 3:02
PK Forward
1 - 86% - 60% - 7:17
2 - 14% - 40% - 1:13
PK Defense
1 - 58% - 60% - 4:56
2 - 42% - 40% - 3:34
PK3 Forward
1 - 0% - 60%
2 - 0% - 40%
PK3 Defense
1 - 0% - 60%
2 - 0% - 40%
44 Forward
1 - 0% - 60%
2 - 0% - 40%
44 Defense
1 - 0% - 60%
2 - 0% - 40%
Last Minute Offensive - 0:00
Last Minute Defensive - 0:00
Total
Forward - 60:00
Defense - 60:00
|
Play-by-Play
1st period
0:01 of 1st period - Eric Staal wins face-off versus Nick Ritchie in neutral zone.
0:14 of 1st period - Wrist shot by Eric Staal.
0:14 of 1st period - Stopped by Steve Mason with a rebound.
0:26 of 1st period - Brian Lashoff is hit by Tanner Pearson and loses puck.
1:01 of 1st period - Wrist shot by Jimmy Hayes.
1:01 of 1st period - Stopped by Steve Mason with a rebound.
1:04 of 1st period - Icing by Cal Foote.
1:05 of 1st period - Patrice Bergeron wins face-off versus Kyle Palmieri in Flyers zone.
1:05 of 1st period - Patrice Bergeron is hit by Jake DeBrusk.
1:15 of 1st period - Wrist shot by Michael Bournival.
1:15 of 1st period - Stopped by Christopher Gibson without a rebound.
1:16 of 1st period - Calle Jarnkrok wins face-off versus Anders Lee in Flames zone.
1:25 of 1st period - Snap shot by Max Pacioretty.
1:25 of 1st period - Stopped by Christopher Gibson without a rebound.
1:26 of 1st period - Calle Jarnkrok wins face-off versus Anders Lee in Flames zone.
1:39 of 1st period - Wrist shot by Niclas Bergfors.
1:39 of 1st period - Stopped by Christopher Gibson without a rebound.
1:40 of 1st period - Jordan Nolan wins face-off versus Eric Staal in Flames zone.
1:47 of 1st period - Snap shot by Brad Marchand.
1:47 of 1st period - Stopped by Steve Mason with a rebound.
1:49 of 1st period - Slapshot by Eric Staal.
1:49 of 1st period - Stopped by Steve Mason with a rebound.
2:50 of 1st period - Off-side.
2:51 of 1st period - Jordan Nolan wins face-off versus Eric Staal in neutral zone.
3:19 of 1st period - Nathan Beaulieu is hit by Tanner Pearson and loses puck.
4:09 of 1st period - Minor Penalty to Brad Marchand for High sticking.
4:10 of 1st period - Kevin Hayes wins face-off versus Patrik Berglund in Flames zone.
4:18 of 1st period - Snap shot by Max Pacioretty.
4:18 of 1st period - Stopped by Christopher Gibson without a rebound.
4:19 of 1st period - Kevin Hayes wins face-off versus Patrik Berglund in Flames zone.
4:22 of 1st period - Snap shot by Hampus Lindholm.
4:22 of 1st period - Deflect By Kevin Hayes.
4:22 of 1st period - Stopped by Christopher Gibson with a rebound.
5:33 of 1st period - Off-side.
5:34 of 1st period - Anders Lee wins face-off versus Kasperi Kapanen in neutral zone.
6:09 of 1st period - Penalty to Brad Marchand is over, Brad Marchand is back on ice.
7:03 of 1st period - Colby Robak is hit by Kevin Hayes.
7:51 of 1st period - Minor Penalty to Jacob Trouba for Charging.
7:52 of 1st period - Eric Staal wins face-off versus Kevin Hayes in Flyers zone.
9:51 of 1st period - Penalty to Jacob Trouba is over, Jacob Trouba is back on ice.
10:04 of 1st period - Slapshot by Hampus Lindholm.
10:04 of 1st period - Stopped by Christopher Gibson without a rebound.
10:05 of 1st period - Eric Staal wins face-off versus Jordan Nolan in Flames zone.
10:38 of 1st period - Wrist shot by David Ullstrom.
10:38 of 1st period - Shot Misses the Net.
10:50 of 1st period - Tanner Pearson is hit by Patrice Bergeron and loses puck.
11:04 of 1st period - Icing by Alexandre Grenier.
11:05 of 1st period - Jordan Nolan wins face-off versus Eric Staal in Flyers zone.
11:10 of 1st period - Slapshot by Nick Ritchie.
11:10 of 1st period - Stopped by Christopher Gibson with a rebound.
11:32 of 1st period - Brian Lashoff is hit by Jake DeBrusk and loses puck.
12:43 of 1st period - Slapshot by Evgeny Svechnikov.
12:43 of 1st period - Deflect By Anders Lee.
12:43 of 1st period - Shot Blocked by Kevin Hayes.
12:43 of 1st period - Puck is out of play.
12:44 of 1st period - Kasperi Kapanen wins face-off versus Patrik Berglund in Flyers zone.
13:40 of 1st period - Slapshot by Hampus Lindholm.
13:40 of 1st period - Deflect By Jordan Nolan.
13:40 of 1st period - Shot Blocked by Christian Folin.
13:40 of 1st period - Puck is out of play.
13:41 of 1st period - Jordan Nolan wins face-off versus Brad Marchand in Flames zone.
13:42 of 1st period - Snap shot by Nick Ritchie.
13:42 of 1st period - Shot Misses the Net.
13:56 of 1st period - Snap shot by Bryan Rust.
13:56 of 1st period - Stopped by Steve Mason with a rebound.
13:58 of 1st period - Backhand shot by Bryan Rust.
13:58 of 1st period - Stopped by Steve Mason with a rebound.
14:15 of 1st period - Wrist shot by Patrik Berglund.
14:15 of 1st period - Stopped by Steve Mason with a rebound.
14:17 of 1st period - Slapshot by Rasmus Andersson.
14:17 of 1st period - Shot Blocked by Jacob Trouba.
14:19 of 1st period - Slapshot by Colby Robak.
14:19 of 1st period - Deflect By Max Pacioretty.
14:19 of 1st period - Stopped by Steve Mason with a rebound.
14:35 of 1st period - Nathan Beaulieu is hit by Jake DeBrusk and loses puck.
15:14 of 1st period - Rasmus Andersson is hit by Jake Dotchin and loses puck.
15:37 of 1st period - Slapshot by Tanner Pearson.
15:37 of 1st period - Stopped by Steve Mason with a rebound.
15:47 of 1st period - Slapshot by Tanner Pearson.
15:47 of 1st period - Stopped by Steve Mason with a rebound.
15:53 of 1st period - Minor Penalty to Hampus Lindholm for Holding.
15:54 of 1st period - Eric Staal wins face-off versus Kevin Hayes in Flyers zone.
16:33 of 1st period - Snap shot by Max Pacioretty.
16:33 of 1st period - Deflect By Sami Vatanen.
16:33 of 1st period - Shot Misses the Net.
16:33 of 1st period - Puck is out of play.
16:34 of 1st period - Patrik Berglund wins face-off versus Kevin Hayes in Flames zone.
17:17 of 1st period - Jacob Trouba is hit by Tanner Pearson and loses puck.
17:53 of 1st period - Penalty to Hampus Lindholm is over, Hampus Lindholm is back on ice.
18:17 of 1st period - Bryan Rust is hit by Jacob Trouba and loses puck.
18:48 of 1st period - Brian Lashoff is hit by Anders Lee and loses puck.
19:25 of 1st period - Christian Folin is hit by Nick Ritchie and loses puck.
19:32 of 1st period - Brad Marchand is hit by Cal Foote and loses puck.
19:46 of 1st period - Nick Ritchie is hit by Erik Johnson and loses puck.
19:53 of 1st period - Slapshot by Rasmus Andersson.
19:53 of 1st period - Deflect By Bryan Rust.
19:53 of 1st period - Stopped by Steve Mason with a rebound.
19:55 of 1st period - Snap shot by Brad Marchand.
19:55 of 1st period - Shot Misses the Net.
19:57 of 1st period - Slapshot by Brad Marchand.
19:57 of 1st period - Stopped by Steve Mason without a rebound.
19:58 of 1st period - Kevin Hayes wins face-off versus Patrik Berglund in Flyers zone.
Goals for this period are 0 for Flyers vs 0 for Flames.
Shots for this period are 7 for Flyers vs 12 for Flames.
2nd period
0:01 of 2nd period - Patrik Berglund wins face-off versus Kasperi Kapanen in neutral zone.
0:08 of 2nd period - Wrist shot by Jimmy Hayes.
0:08 of 2nd period - Shot Blocked by Hampus Lindholm.
0:35 of 2nd period - Snap shot by Travis Konecny.
0:35 of 2nd period - Stopped by Christopher Gibson without a rebound.
0:36 of 2nd period - Kasperi Kapanen wins face-off versus Patrik Berglund in Flames zone.
0:47 of 2nd period - Wrist shot by Jimmy Hayes.
0:47 of 2nd period - Stopped by Steve Mason without a rebound.
0:48 of 2nd period - Kevin Hayes wins face-off versus Jimmy Hayes in Flyers zone.
0:57 of 2nd period - Wrist shot by Kasperi Kapanen.
0:57 of 2nd period - Stopped by Christopher Gibson without a rebound.
0:58 of 2nd period - Jimmy Hayes wins face-off versus Kevin Hayes in Flames zone.
1:25 of 2nd period - Backhand shot by Kasperi Kapanen.
1:25 of 2nd period - Shot Misses the Net.
1:27 of 2nd period - Slapshot by Brian Lashoff.
1:27 of 2nd period - Stopped by Christopher Gibson with a rebound.
2:30 of 2nd period - Snap shot by Kasperi Kapanen.
2:30 of 2nd period - Deflect By Samuel Morin.
2:30 of 2nd period - Stopped by Christopher Gibson without a rebound.
2:31 of 2nd period - Eric Staal wins face-off versus Jordan Nolan in Flames zone.
2:33 of 2nd period - Icing by Esa Lindell.
2:34 of 2nd period - Jordan Nolan wins face-off versus Eric Staal in Flames zone.
2:35 of 2nd period - Wrist shot by Nick Ritchie.
2:35 of 2nd period - Stopped by Christopher Gibson without a rebound.
2:36 of 2nd period - Travis Konecny wins face-off versus Eric Staal in Flames zone.
3:49 of 2nd period - Snap shot by Eric Staal.
3:49 of 2nd period - Deflect By Travis Konecny.
3:49 of 2nd period - Shot Blocked by Jake Dotchin.
3:49 of 2nd period - Puck is out of play.
3:50 of 2nd period - Kyle Palmieri wins face-off versus Jordan Nolan in Flyers zone.
4:13 of 2nd period - Minor Penalty to Travis Konecny for Tripping.
4:14 of 2nd period - Kevin Hayes wins face-off versus Eric Staal in Flyers zone.
4:14 of 2nd period - Kevin Hayes is hit by Jimmy Hayes.
4:26 of 2nd period - Kevin Hayes is hit by Jake DeBrusk.
4:35 of 2nd period - Hampus Lindholm is hit by Jake DeBrusk and loses puck.
5:26 of 2nd period - Snap shot by Max Pacioretty.
5:26 of 2nd period - Stopped by Christopher Gibson without a rebound.
5:27 of 2nd period - Calle Jarnkrok wins face-off versus Eric Staal in Flames zone.
5:32 of 2nd period - Backhand shot by Max Pacioretty.
5:32 of 2nd period - Stopped by Christopher Gibson without a rebound.
5:33 of 2nd period - Kevin Hayes wins face-off versus Patrik Berglund in Flames zone.
5:46 of 2nd period - Kevin Hayes is hit by Erik Johnson and loses puck.
6:07 of 2nd period - Snap shot by Patrik Berglund.
6:07 of 2nd period - Stopped by Steve Mason with a rebound.
6:13 of 2nd period - Penalty to Travis Konecny is over, Travis Konecny is back on ice.
6:23 of 2nd period - Wrist shot by Evgeny Svechnikov.
6:23 of 2nd period - Stopped by Steve Mason with a rebound.
6:49 of 2nd period - Snap shot by Travis Konecny.
6:49 of 2nd period - Stopped by Christopher Gibson with a rebound.
6:51 of 2nd period - Slapshot by Nathan Beaulieu.
6:51 of 2nd period - Stopped by Christopher Gibson with a rebound.
6:53 of 2nd period - Snap shot by Jacob Trouba.
6:53 of 2nd period - Stopped by Christopher Gibson without a rebound.
6:54 of 2nd period - Eric Staal wins face-off versus Calle Jarnkrok in Flames zone.
7:09 of 2nd period - Slapshot by Max Pacioretty.
7:09 of 2nd period - Shot Misses the Net.
7:35 of 2nd period - Snap shot by Kevin Labanc.
7:35 of 2nd period - Stopped by Steve Mason with a rebound.
7:51 of 2nd period - Wrist shot by Jordan Nolan.
7:51 of 2nd period - Shot Blocked by Bryan Rust.
8:58 of 2nd period - Snap shot by Nick Ritchie.
8:58 of 2nd period - Stopped by Christopher Gibson without a rebound.
8:59 of 2nd period - Jordan Nolan wins face-off versus Kyle Palmieri in Flames zone.
9:51 of 2nd period - Icing by Max Pacioretty.
9:52 of 2nd period - Calle Jarnkrok wins face-off versus Patrik Berglund in Flyers zone.
10:40 of 2nd period - Snap shot by Tanner Pearson.
10:40 of 2nd period - Shot Misses the Net.
10:42 of 2nd period - Snap shot by Tanner Pearson.
10:42 of 2nd period - Deflect By Patrik Berglund.
10:42 of 2nd period - Shot Blocked by Nathan Beaulieu.
10:42 of 2nd period - Puck is out of play.
10:43 of 2nd period - Jordan Nolan wins face-off versus Eric Staal in Flyers zone.
11:12 of 2nd period - Esa Lindell is hit by Kevin Hayes and loses puck.
11:33 of 2nd period - Michael Bournival is hit by Evgeny Svechnikov and loses puck.
11:45 of 2nd period - Snap shot by Patrice Bergeron.
11:45 of 2nd period - Shot Misses the Net.
13:08 of 2nd period - Tanner Pearson is hit by Jordan Nolan and loses puck.
13:27 of 2nd period - Slapshot by Sami Vatanen.
13:27 of 2nd period - Deflect By Kevin Labanc.
13:27 of 2nd period - Goal by Kevin Labanc - Flyers : 0 - Flames : 1.
13:28 of 2nd period - Eric Staal wins face-off versus Jordan Nolan in neutral zone.
13:57 of 2nd period - Sami Vatanen is hit by Brian Lashoff and loses puck.
14:16 of 2nd period - Slapshot by Hampus Lindholm.
14:16 of 2nd period - Shot Misses the Net.
14:18 of 2nd period - Snap shot by Max Pacioretty.
14:18 of 2nd period - Goal by Max Pacioretty - Flyers : 1 - Flames : 1.
14:19 of 2nd period - Eric Staal wins face-off versus Jordan Nolan in neutral zone.
14:36 of 2nd period - Snap shot by Jordan Nolan.
14:36 of 2nd period - Stopped by Christopher Gibson without a rebound.
14:37 of 2nd period - Patrik Berglund wins face-off versus Kevin Hayes in Flames zone.
14:42 of 2nd period - Wrist shot by Tanner Pearson.
14:42 of 2nd period - Shot Misses the Net.
14:44 of 2nd period - Snap shot by Patrik Berglund.
14:44 of 2nd period - Shot Blocked by Kasperi Kapanen.
14:46 of 2nd period - Snap shot by Esa Lindell.
14:46 of 2nd period - Shot Blocked by Brian Lashoff.
14:48 of 2nd period - Slapshot by Jimmy Hayes.
14:48 of 2nd period - Shot Hit the Post.
14:50 of 2nd period - Slapshot by Esa Lindell.
14:50 of 2nd period - Shot Misses the Net.
15:04 of 2nd period - Brad Marchand is hit by Travis Konecny and loses puck.
15:11 of 2nd period - Snap shot by Travis Konecny.
15:11 of 2nd period - Stopped by Christopher Gibson without a rebound.
15:12 of 2nd period - Jordan Nolan wins face-off versus Eric Staal in Flames zone.
15:39 of 2nd period - Jimmy Hayes is hit by Kasperi Kapanen and loses puck.
16:04 of 2nd period - Snap shot by Max Pacioretty.
16:04 of 2nd period - Stopped by Christopher Gibson with a rebound.
16:06 of 2nd period - Snap shot by Max Pacioretty.
16:06 of 2nd period - Stopped by Christopher Gibson without a rebound.
16:07 of 2nd period - Eric Staal wins face-off versus Calle Jarnkrok in Flames zone.
17:00 of 2nd period - Snap shot by Kevin Labanc.
17:00 of 2nd period - Stopped by Steve Mason with a rebound.
17:17 of 2nd period - Off-side.
17:18 of 2nd period - Anders Lee wins face-off versus Patrice Bergeron in neutral zone.
17:29 of 2nd period - Wrist shot by Michael Bournival.
17:29 of 2nd period - Shot Blocked by Erik Johnson.
17:33 of 2nd period - Slapshot by Patrice Bergeron.
17:33 of 2nd period - Stopped by Christopher Gibson with a rebound.
17:58 of 2nd period - Icing by Travis Konecny.
17:59 of 2nd period - Patrik Berglund wins face-off versus Jordan Nolan in Flyers zone.
18:08 of 2nd period - Snap shot by Jordan Nolan.
18:08 of 2nd period - Shot Misses the Net.
18:10 of 2nd period - Slapshot by Cal Foote.
18:10 of 2nd period - Shot Blocked by Jimmy Hayes.
18:28 of 2nd period - Snap shot by Nick Ritchie.
18:28 of 2nd period - Stopped by Christopher Gibson without a rebound.
18:29 of 2nd period - Kasperi Kapanen wins face-off versus Eric Staal in Flames zone.
18:46 of 2nd period - Snap shot by Bryan Rust.
18:46 of 2nd period - Shot Misses the Net.
18:56 of 2nd period - Wrist shot by Kevin Labanc.
18:56 of 2nd period - Shot Misses the Net.
19:08 of 2nd period - Wrist shot by Max Pacioretty.
19:08 of 2nd period - Stopped by Christopher Gibson without a rebound.
19:09 of 2nd period - Jordan Nolan wins face-off versus Eric Staal in Flames zone.
19:14 of 2nd period - Snap shot by Jordan Nolan.
19:14 of 2nd period - Stopped by Christopher Gibson without a rebound.
19:15 of 2nd period - Eric Staal wins face-off versus Jordan Nolan in Flames zone.
19:19 of 2nd period - Off-side.
19:20 of 2nd period - Eric Staal wins face-off versus Jordan Nolan in neutral zone.
19:28 of 2nd period - Minor Penalty to Brad Marchand for Tripping.
19:29 of 2nd period - Patrik Berglund wins face-off versus Jordan Nolan in Flames zone.
19:37 of 2nd period - Wrist shot by Travis Konecny.
19:37 of 2nd period - Stopped by Christopher Gibson with a rebound.
19:39 of 2nd period - Snap shot by Jordan Nolan.
19:39 of 2nd period - Stopped by Christopher Gibson with a rebound.
19:41 of 2nd period - Slapshot by Brian Lashoff.
19:41 of 2nd period - Deflect By Bryan Rust.
19:41 of 2nd period - Stopped by Christopher Gibson without a rebound.
19:42 of 2nd period - Patrik Berglund wins face-off versus Nick Ritchie in Flames zone.
19:47 of 2nd period - Christian Folin is hit by Nick Ritchie.
Goals for this period are 1 for Flyers vs 1 for Flames.
Shots for this period are 23 for Flyers vs 6 for Flames.
3rd period
0:01 of 3rd period - Jordan Nolan wins face-off versus Patrik Berglund in neutral zone.
0:29 of 3rd period - Icing by Max Pacioretty.
0:30 of 3rd period - Kevin Hayes wins face-off versus David Ullstrom in Flyers zone.
0:49 of 3rd period - Wrist shot by Kasperi Kapanen.
0:49 of 3rd period - Shot Misses the Net.
0:51 of 3rd period - Slapshot by Hampus Lindholm.
0:51 of 3rd period - Shot Misses the Net.
0:53 of 3rd period - Slapshot by Brian Lashoff.
0:53 of 3rd period - Deflect By Bryan Rust.
0:53 of 3rd period - Stopped by Christopher Gibson with a rebound.
1:28 of 3rd period - Penalty to Brad Marchand is over, Brad Marchand is back on ice.
2:04 of 3rd period - Slapshot by Hampus Lindholm.
2:04 of 3rd period - Shot Misses the Net.
2:06 of 3rd period - Snap shot by Max Pacioretty.
2:06 of 3rd period - Deflect By David Ullstrom.
2:06 of 3rd period - Shot Misses the Net.
2:06 of 3rd period - Puck is out of play.
2:07 of 3rd period - Jordan Nolan wins face-off versus Kyle Palmieri in Flames zone.
2:08 of 3rd period - Snap shot by Nick Ritchie.
2:08 of 3rd period - Stopped by Christopher Gibson without a rebound.
2:09 of 3rd period - Jordan Nolan wins face-off versus Kyle Palmieri in Flames zone.
2:35 of 3rd period - Off-side.
2:36 of 3rd period - Patrice Bergeron wins face-off versus Eric Staal in neutral zone.
2:58 of 3rd period - Minor Penalty to Michael Bournival for Interference.
2:59 of 3rd period - Eric Staal wins face-off versus Kevin Hayes in Flyers zone.
3:00 of 3rd period - Wrist shot by Jimmy Hayes.
3:00 of 3rd period - Shot Misses the Net.
3:02 of 3rd period - Slapshot by Erik Johnson.
3:02 of 3rd period - Shot Misses the Net.
3:04 of 3rd period - Slapshot by Erik Johnson.
3:04 of 3rd period - Goal by Erik Johnson - Flyers : 1 - Flames : 2.
3:05 of 3rd period - Eric Staal wins face-off versus Jordan Nolan in neutral zone.
3:07 of 3rd period - Off-side.
3:08 of 3rd period - Jordan Nolan wins face-off versus Eric Staal in neutral zone.
3:19 of 3rd period - Slapshot by Bryan Rust.
3:19 of 3rd period - Shot Misses the Net.
3:25 of 3rd period - Wrist shot by Eric Staal.
3:25 of 3rd period - Shot Misses the Net.
3:39 of 3rd period - Patrik Berglund is hit by Kevin Hayes and loses puck.
3:46 of 3rd period - Kasperi Kapanen is hit by Jimmy Hayes and loses puck.
3:58 of 3rd period - Off-side.
3:59 of 3rd period - Calle Jarnkrok wins face-off versus Kyle Palmieri in neutral zone.
4:06 of 3rd period - Slapshot by Jacob Trouba.
4:06 of 3rd period - Shot Misses the Net.
4:08 of 3rd period - Snap shot by Calle Jarnkrok.
4:08 of 3rd period - Deflect By Max Pacioretty.
4:08 of 3rd period - Shot Misses the Net.
4:08 of 3rd period - Puck is out of play.
4:09 of 3rd period - Jordan Nolan wins face-off versus Eric Staal in Flames zone.
4:19 of 3rd period - Off-side.
4:20 of 3rd period - Eric Staal wins face-off versus Jordan Nolan in neutral zone.
4:32 of 3rd period - Minor Penalty to Jordan Nolan for Interference.
4:33 of 3rd period - Kevin Hayes wins face-off versus Eric Staal in Flyers zone.
4:43 of 3rd period - Snap shot by Eric Staal.
4:43 of 3rd period - Shot Misses the Net.
4:45 of 3rd period - Snap shot by Jake DeBrusk.
4:45 of 3rd period - Stopped by Steve Mason with a rebound.
5:32 of 3rd period - Icing by Jimmy Hayes.
5:33 of 3rd period - Calle Jarnkrok wins face-off versus Eric Staal in Flames zone.
6:32 of 3rd period - Penalty to Jordan Nolan is over, Jordan Nolan is back on ice.
6:55 of 3rd period - Off-side.
6:56 of 3rd period - Jordan Nolan wins face-off versus Eric Staal in neutral zone.
7:05 of 3rd period - Jacob Trouba is hit by Eric Staal and loses puck.
7:36 of 3rd period - Snap shot by Kevin Hayes.
7:36 of 3rd period - Stopped by Christopher Gibson without a rebound.
7:37 of 3rd period - Patrik Berglund wins face-off versus Kevin Hayes in Flames zone.
7:51 of 3rd period - Backhand shot by Samuel Morin.
7:51 of 3rd period - Shot Misses the Net.
8:13 of 3rd period - Slapshot by Christian Folin.
8:13 of 3rd period - Stopped by Steve Mason with a rebound.
8:39 of 3rd period - Jake Dotchin is hit by Jake DeBrusk and loses puck.
9:43 of 3rd period - Minor Penalty to Colby Robak for Hooking.
9:44 of 3rd period - Jordan Nolan wins face-off versus Patrik Berglund in Flames zone.
9:46 of 3rd period - Snap shot by Travis Konecny.
9:46 of 3rd period - Stopped by Christopher Gibson with a rebound.
9:48 of 3rd period - Wrist shot by Nick Ritchie.
9:48 of 3rd period - Shot Misses the Net.
9:56 of 3rd period - Snap shot by Travis Konecny.
9:56 of 3rd period - Stopped by Christopher Gibson with a rebound.
9:58 of 3rd period - Wrist shot by Nick Ritchie.
9:58 of 3rd period - Shot Blocked by Brad Marchand.
10:00 of 3rd period - Snap shot by Jordan Nolan.
10:00 of 3rd period - Shot Blocked by Erik Johnson.
10:37 of 3rd period - Off-side.
10:38 of 3rd period - Eric Staal wins face-off versus Nick Ritchie in neutral zone.
10:50 of 3rd period - Eric Staal is hit by Travis Konecny and loses puck.
11:43 of 3rd period - Penalty to Colby Robak is over, Colby Robak is back on ice.
11:53 of 3rd period - Slapshot by Hampus Lindholm.
11:53 of 3rd period - Stopped by Christopher Gibson with a rebound.
12:31 of 3rd period - Kasperi Kapanen is hit by Jimmy Hayes and loses puck.
12:36 of 3rd period - Snap shot by Patrik Berglund.
12:36 of 3rd period - Shot Misses the Net.
13:42 of 3rd period - David Ullstrom is hit by Calle Jarnkrok.
13:58 of 3rd period - Snap shot by Tanner Pearson.
13:58 of 3rd period - Goal by Tanner Pearson - Flyers : 1 - Flames : 3.
13:59 of 3rd period - Eric Staal wins face-off versus Jordan Nolan in neutral zone.
14:08 of 3rd period - Slapshot by Nick Ritchie.
14:08 of 3rd period - Stopped by Christopher Gibson with a rebound.
14:10 of 3rd period - Slapshot by Nathan Beaulieu.
14:10 of 3rd period - Stopped by Christopher Gibson with a rebound.
14:12 of 3rd period - Slapshot by Nathan Beaulieu.
14:12 of 3rd period - Shot Blocked by Bryan Rust.
14:14 of 3rd period - Wrist shot by Travis Konecny.
14:14 of 3rd period - Shot Blocked by Eric Staal.
14:16 of 3rd period - Slapshot by Nathan Beaulieu.
14:16 of 3rd period - Stopped by Christopher Gibson with a rebound.
14:22 of 3rd period - Minor Penalty to Brad Marchand for Tripping.
14:23 of 3rd period - Jordan Nolan wins face-off versus Patrik Berglund in Flames zone.
14:58 of 3rd period - Snap shot by Jacob Trouba.
14:58 of 3rd period - Deflect By Kevin Hayes.
14:58 of 3rd period - Stopped by Christopher Gibson without a rebound.
14:59 of 3rd period - Kevin Hayes wins face-off versus Patrik Berglund in Flames zone.
16:22 of 3rd period - Penalty to Brad Marchand is over, Brad Marchand is back on ice.
16:32 of 3rd period - Samuel Morin is hit by Colby Robak.
16:36 of 3rd period - Slapshot by Rasmus Andersson.
16:36 of 3rd period - Shot Misses the Net.
16:44 of 3rd period - Snap shot by Brad Marchand.
16:44 of 3rd period - Shot Misses the Net.
16:46 of 3rd period - Snap shot by Brad Marchand.
16:46 of 3rd period - Shot Misses the Net.
16:48 of 3rd period - Slapshot by Jake DeBrusk.
16:48 of 3rd period - Shot Blocked by Jake Dotchin.
17:35 of 3rd period - Off-side.
17:36 of 3rd period - Bryan Rust wins face-off versus Travis Konecny in neutral zone.
18:20 of 3rd period - Kasperi Kapanen is hit by Christian Folin and loses puck.
18:24 of 3rd period - Icing by Hampus Lindholm.
18:25 of 3rd period - Kyle Palmieri wins face-off versus Kevin Hayes in Flyers zone.
18:28 of 3rd period - Backhand shot by Kevin Labanc.
18:28 of 3rd period - Stopped by Steve Mason without a rebound.
18:29 of 3rd period - Calle Jarnkrok wins face-off versus Kyle Palmieri in Flyers zone.
19:25 of 3rd period - Minor Penalty to Jimmy Hayes for Tripping.
19:26 of 3rd period - Kevin Hayes wins face-off versus Patrik Berglund in Flames zone.
19:35 of 3rd period - Slapshot by Hampus Lindholm.
19:35 of 3rd period - Stopped by Christopher Gibson without a rebound.
19:36 of 3rd period - Kevin Hayes wins face-off versus Patrik Berglund in Flames zone.
Goals for this period are 0 for Flyers vs 2 for Flames.
Shots for this period are 11 for Flyers vs 5 for Flames.